 Dungeon Crawl Stone Soup version 0.28.0-47-ge53b351184 (webtiles) character file.

Game seed: 29595612193799019

33 Kangaroobicon the Skirmisher (level 3, -1/31 HPs)
             Began as a Palentonga Fighter on May 2, 2022.
             Slain by an adder (3 damage)
             ... on level 2 of the Dungeon.
             The game lasted 00:05:03 (949 turns).

Kangaroobicon the Skirmisher (Palentonga Fighter)    Turns: 949, Time: 00:05:04

Health: -1/31      AC:  6    Str: 19    XL:     3   Next: 12%
Magic:  3/3        EV:  7    Int:  8    God:
Gold:   79         SH:  4    Dex: 11    Spells: 2/2 levels left

rFire   . . .      SeeInvis +   a - +0 war axe
rCold   . . .      Faith    .   c - +0 buckler
rNeg    . . .      Spirit   .   b - +0 scale mail
rPois   .          Reflect  .   (no helmet)
rElec   .          Harm     .   (no cloak)
rCorr   .          Rampage  .   (no gloves)
Will    .....                   (no barding)
Stlth   ..........              (no amulet)
HPRegen 0.10/turn               f - ring of flight
MPRegen 0.08/turn               (no ring)

@: lethally poisoned (-1 -> -6), flying
A: large, rugged brown scales 3, see invisible, deformed body, roll 1, armoured
tail
a: Rolling Charge


You were on level 2 of the Dungeon.
You visited 1 branch of the dungeon, and saw 2 of its levels.

You collected 79 gold pieces.

Inventory:

Hand Weapons
 a - a +0 war axe (weapon)
Missiles
 e - 3 poisoned darts
 g - 68 stones
 m - 21 arrows
Armour
 b - a +0 scale mail (worn)
 c - a +0 buckler (worn)
Jewellery
 f - a ring of flight (left hand)
Scrolls
 h - 2 scrolls of magic mapping
 n - a scroll of teleportation {unknown}
Potions
 d - a potion of might
 i - a potion of magic {unknown}
 j - 2 potions of haste {unknown}
 k - a potion of curing {unknown}
 l - 2 potions of heal wounds {unknown}
 o - a potion of berserk rage {unknown}


   Skills:
 + Level 3.3 Fighting
 + Level 2.4 Axes
 + Level 2.7 Armour
 + Level 0.1 Dodging
 + Level 2.7 Shields


You had 2 spell levels left.
You didn't know any spells.
Your spell library was empty.

Dungeon Overview and Level Annotations

Branches:
Dungeon (2/15)

Altars:


Innate Abilities, Weirdness & Mutations

You are completely covered in rugged brown scales. (AC +3, +7% HP)
You have supernaturally acute eyesight. (SInv)
Armour fits poorly on your strangely shaped body.
You can roll at nearby foes to attack.
You have a long armoured tail.


Message History

The kobold shouts!
You see here a bat corpse.
You closely miss the kobold.
Your tail-slap misses the kobold.
The kobold hits you but does no damage.
A hobgoblin comes into view.
You barely miss the kobold.
The hobgoblin shouts!
The kobold hits you with a +0 whip.
* * * LOW HITPOINT WARNING * * *
You hit the kobold but do no damage. You tail-slap the kobold.
You kill the kobold!
A ball python comes into view.
A hobgoblin comes into view.
The hobgoblin shouts!
The hobgoblin hits you but does no damage.
You hit the hobgoblin.
You kill the hobgoblin!
The ball python bites you but does no damage.
An adder comes into view.
The adder hisses angrily.
You slash the ball python!
You kill the ball python!
You hit the hobgoblin.
The hobgoblin is heavily wounded.
A giant cockroach comes into view.
The hobgoblin barely misses you. You block the hobgoblin's attack.
The adder bites you but does no damage.
The giant cockroach moves out of view.
You slash the hobgoblin!
You kill the hobgoblin!
You hit the adder. The adder bites you.
* * * LOW HITPOINT WARNING * * *
You are lethally poisoned!
The adder poisons you! The adder bites you but does no damage.
You hit the adder.
The adder is severely wounded.
* * * LOW HITPOINT WARNING * * *
You feel very sick.
A bat comes into view.
The adder bites you.
You die...

###..####.# #.#
$....# #.# #.# .#
##...####.#####.#..
................#..#
#...#..†..).g.....##
#...#†##.####..#.....
... #.# #........
#..## #.####..###...
#.. #.†S@†...b....
#.......#####..###...
#....#.. #..# #..
.S.. ..# ..... ..#
...... .## ...... .#
.#


You could see an adder and a bat.

Vanquished Creatures
  A dart slug (D:1)
  4 ball pythons
  2 endoplasms
  2 giant cockroaches (D:1)
  2 goblins (D:1)
  5 hobgoblins
  3 kobolds
  2 quokkas
  2 bats (D:2)
  5 rats
28 creatures vanquished.

Notes
Turn   | Place    | Note
-------+----------+-------------------------------------------
     0 | D:1      | Kangaroobicon the Palentonga Fighter began the quest for
                  | the Orb.
     0 | D:1      | Reached XP level 1. HP: 19/19 MP: 1/1
   423 | D:1      | Reached XP level 2. HP: 24/25 MP: 2/2
   913 | D:2      | Reached XP level 3. HP: 10/31 MP: 3/3
   949 | D:2      | Slain by an adder

Illustrated notes

Levels and vault maps discovered:
D:1:      lemuel_arrival_hallway, layout_loops_ring,
          ebering_dispersal_statue_hall
D:2:      layout_loops_ring, basic_ecumenical_altar,
          minmay_fractal_squares_gapless_5

Action                   || total
-------------------------++-------
Melee: War axe           ||    70
       Tailslap          ||     3
  Use: Scroll            ||     1
Armor: Scale mail        ||    32
Dodge: Dodged            ||    23
Block: Buckler           ||     9
